 Dungeon Crawl Stone Soup version 0.29-a0-700-g2f1814c7b2 (webtiles) character file.

Game seed: 6349931955826556168

35 mcbry74 the Chopper (level 3, 0/31 HPs)
             Began as a Hill Orc Fighter on June 25, 2022.
             Slain by an orc
             ... wielding a +0 club
              (1 damage)
             ... on level 3 of the Dungeon.
             The game lasted 00:04:20 (1385 turns).

mcbry74 the Chopper (Hill Orc Fighter)              Turns: 1385, Time: 00:04:22

Health: 0/31       AC:  8    Str: 17 (18) XL:     3   Next: 35%
Magic:  3/3        EV:  9    Int:  9 (10) God:
Gold:   117        SH:  0    Dex:  8 (10) Spells: 2/2 levels left

rFire   . . .      SeeInvis .   a - +0 war axe
rCold   . . .      Faith    .   c - +0 buckler
rNeg    . . .      Spirit   .   b - +0 scale mail
rPois   .          Reflect  .   (no helmet)
rElec   .          Harm     .   (no cloak)
rCorr   .          Rampage  .   d - +0 pair of gloves
Will    .....                   (no boots)
Stlth   ..........              (no amulet)
HPRegen 0.10/turn               (no ring)
MPRegen 0.08/turn               (no ring)

@: confused
A: no striking features
a: no special abilities


You were on level 3 of the Dungeon.
You visited 1 branch of the dungeon, and saw 3 of its levels.

You collected 117 gold pieces.

Inventory:

Hand Weapons
 a - a +0 war axe (weapon)
 i - a +1 mace of holy wrath
Missiles
 k - 2 boomerangs (quivered)
Armour
 b - a +0 scale mail (worn)
 c - a +0 buckler (worn)
 d - a +0 pair of gloves (worn)
 g - a +0 tower shield
Scrolls
 f - a scroll of fear
 j - a scroll of enchant weapon {unknown}
Potions
 e - a potion of curing
 h - a potion of heal wounds


   Skills:
 - Level 3.6 Fighting
 * Level 4.0 Axes
 + Level 3.6 Armour
 + Level 3.6 Shields


You had 2 spell levels left.
You didn't know any spells.
Your spell library contained the following spells:

 Spells                   Type           Power      Damage    Failure   Level
 Sandblast                Erth           0%         2d4       87%         1
 Passwall                 Tmut/Erth      0%         N/A       95%         2
 Stone Arrow              Conj/Erth      0%         3d7       99%         3


Dungeon Overview and Level Annotations

Branches:
Dungeon (3/15)

Altars:

Annotations:
D:3 Ijyb


Message History

The kobold hits you but does no damage.
You miss Ijyb.
Ijyb is moderately wounded.
You miss the kobold. You closely miss the worm.
The worm bites you but does no damage. Ijyb hits you with a +0 spectral club.
The kobold barely misses you. Ijyb attacks as you move away!
Ijyb hits you with a +0 spectral club. The kobold hits you but does no damage.
The kobold hits you with a +0 whip.
You miss Ijyb.
Ijyb is moderately wounded.
You barely miss the kobold. Ijyb hits you with a +0 spectral club.
The kobold barely misses you.
An orc comes into view. It is wielding a +0 whip.
You miss Ijyb.
Ijyb is moderately wounded.
You closely miss the kobold. You miss the orc.
The orc shouts!
You hear a shout!
Ijyb zaps a wand.
Your will is overpowered!
You are more confused.
The orc closely misses you. The kobold completely misses you.
An orc comes into view. It is wielding a +0 flail.
The orc completely misses you. Ijyb closely misses you.
The kobold hits you with a +0 whip.
You bump into the rock wall.
The orc hits you with a +0 club. Ijyb hits you with a +0 spectral club.
* * * LOW HITPOINT WARNING * * *
The kobold hits you but does no damage.
You closely miss the orc. You barely miss Ijyb. You barely miss the kobold.
The orc hits you but does no damage. Ijyb hits you with a +0 spectral club.
* * * LOW HITPOINT WARNING * * *
The kobold barely misses you.
You miss the kobold. You hit Ijyb but do no damage. You hit the orc.
Ijyb hits you with a +0 spectral club.
* * * LOW HITPOINT WARNING * * *
The orc hits you with a +0 club.
* * * LOW HITPOINT WARNING * * *
The kobold closely misses you. The kobold barely misses you.
The orc hits you with a +0 club.
You die...

......#####................#
....( #######.##.###.#.#
.... ##########.##.# #.#.#
###.. #..$.......##.# #.#.#
#...##..........#
#.............#
+.............. .
#.....g......# #
#....wK@.....#
#....oo.###### ........o.#
..........# .....$.####
....### <...


You could see Ijyb (strong), a worm, 3 orcs and a kobold.

Vanquished Creatures
  2 dart slugs
  4 bats
  3 endoplasms
  A giant cockroach (D:1)
  4 goblins (D:1)
  2 hobgoblins
  A quokka (D:1)
  5 ball pythons
  6 frilled lizards
  3 rats
31 creatures vanquished.

Notes
Turn   | Place    | Note
-------+----------+-------------------------------------------
     0 | D:1      | mcbry74 the Hill Orc Fighter began the quest for the Orb.
     0 | D:1      | Reached XP level 1. HP: 19/19 MP: 1/1
    28 | D:1      | Reached skill level 3 in Axes
   119 | D:1      | Reached XP level 2. HP: 25/26 MP: 2/2
   547 | D:1      | Found a faded altar of an unknown god.
   847 | D:2      | Reached XP level 3. HP: 31/31 MP: 3/3
  1325 | D:3      | Reached skill level 4 in Axes
  1371 | D:3      | Noticed Ijyb
  1385 | D:3      | HP: 1/31 [orc/+0 club (1)]
  1385 | D:3      | Slain by an orc

Illustrated notes

Levels and vault maps discovered:
D:1:      scummos_arrival_simple_fountains, layout_rooms,
          hellmonk_ecumenical_altar_zigzags, amcnicky_mini_rare_corridor_liquid
D:2:      layout_basic
D:3:      layout_basic, lemuel_zombie_altar_kikubaaqudgha, portal_sewer_entry_b,
          uniq_ijyb

Skill      XL: |  1  2  3 |
---------------+----------+-----
Axes           | 3 4 |  4.0
Fighting       | |  3.6
Armour         | |  3.6
Shields        | |  3.6

Action                   || total
-------------------------++-------
Melee: War axe           ||    94
  Use: Scroll            ||     5
       Potion            ||     3
Armor: Scale mail        ||    63
Dodge: Dodged            ||    52
Block: Buckler           ||    19

Table legend: (Time is in decaauts)
 A = Elapsed time spent in this place.
 B = Non-inter-level travel time spent in this place.
 C = Inter-level travel time spent in this place.
 D = Time resting spent in this place.
 E = Time spent auto-exploring this place.
 F = Levels seen in this place.
 G = Mean time per level.
                   A        B        C        D        E       F      G
               +--------+--------+--------+--------+--------+-----+--------+
         Total |   1418 |   1406 |     12 |     27 |    965 |   3 |  472.7 |
       Dungeon |   1418 |   1406 |     12 |     27 |    965 |   3 |  472.7 |
               +--------+--------+--------+--------+--------+-----+--------+

Top non-repeatable levels by time:
     D:1: 679 daAuts
     D:2: 654 daAuts
     D:3: 84 daAuts
